 Dungeon Crawl Stone Soup version 0.27.0-1-g7a089689b8 (webtiles) character file.

Game seed: 17522436518462081759

156 leastbad the Vexing (level 5, -3/41 HPs)
             Began as a Gnoll Arcane Marksman on Aug 17, 2021.
             Slain by a phantom (7 damage)
             ... on level 2 of the Dungeon.
             The game lasted 00:35:44 (2563 turns).

leastbad the Vexing (Gnoll Arcane Marksman)         Turns: 2563, Time: 00:35:45

Health: -3/41      AC:  9    Str: 16    XL:     5   Next: 37%
Magic:  9/9        EV: 11    Int: 16    God:
Gold:   103        SH:  0    Dex: 12    Spells: 9/10 levels left

rFire    . . .     SeeInvis .   a - +0 hand crossbow
rCold    . . .     Faith    .   (no shield)
rNeg     . . .     Spirit   .   l - +0 scale mail
rPois    .         Reflect  .   i - +2 helmet {Int+3}
rElec    .         Harm     .   (no cloak)
rCorr    .         Rampage  .   (no gloves)
Will     +....                  (no boots)
Stlth    ..........             (no amulet)
HPRegen  0.13/turn              b - +6 ring of strength
MPRegen  0.11/turn              F - ring of willpower

@: no status effects
A: fangs 1, strong nose, distributed training
a: no special abilities


You were on level 2 of the Dungeon.
You visited 1 branch of the dungeon, and saw 4 of its levels.

You collected 103 gold pieces.

Inventory:

Hand Weapons
 a - a +0 hand crossbow (weapon)
 d - a +1 dagger of venom
 e - a +0 hand axe
 g - a +0 long sword
 k - a +0 short sword
 p - a +0 hunting sling
 v - a +0 club
Missiles
 c - 36 bolts (quivered ammo)
 q - 67 stones
Armour
 i - a +2 helmet of intelligence (worn)
 l - a +0 scale mail (worn)
Jewellery
 b - a +6 ring of strength (left hand)
 F - a ring of willpower (right hand)
Scrolls
 h - a scroll of enchant weapon {unknown}
 j - a scroll of identify {unknown}
 m - a scroll of fear {unknown}
 o - a scroll of vulnerability {unknown}
 r - a scroll of noise {unknown}
 t - 2 scrolls of teleportation {unknown}
 y - a scroll of torment {unknown}
 z - 2 scrolls of amnesia {unknown}
 C - a scroll of magic mapping {unknown}
Potions
 f - a potion of attraction {unknown}
 u - a potion of mutation {unknown}
 B - a potion of curing {unknown}
 E - a potion of ambrosia {unknown}


   Skills:
 + Level 3.0 Fighting
 + Level 1.4 Short Blades
 + Level 1.4 Long Blades
 + Level 1.4 Axes
 + Level 1.4 Maces & Flails
 + Level 1.4 Polearms
 + Level 1.4 Staves
 + Level 1.4 Slings
 + Level 1.4 Bows
 + Level 4.8 Crossbows
 + Level 1.4 Throwing
 + Level 1.4 Armour
 + Level 4.8 Dodging
 + Level 1.4 Stealth
 + Level 1.4 Shields
 + Level 1.4 Unarmed Combat
 + Level 3.1 Spellcasting
 + Level 1.1 Conjurations
 + Level 5.5 Hexes
 + Level 1.1 Summonings
 + Level 1.1 Necromancy
 + Level 1.1 Translocations
 + Level 1.1 Transmutations
 + Level 1.1 Fire Magic
 + Level 1.1 Ice Magic
 + Level 1.1 Air Magic
 + Level 1.1 Earth Magic
 + Level 1.1 Poison Magic
 + Level 1.6 Invocations
 + Level 1.4 Evocations


You had 9 spell levels left.
You knew the following spells:

 Your Spells              Type           Power      Damage    Failure   Level
a - Corona                Hex            22%        N/A       7%          1

Your spell library contained the following spells:

 Spells                   Type           Power      Damage    Failure   Level
 Slow                     Hex            20%        N/A       11%         2
 Animate Skeleton         Necr           12%        N/A       38%         1
 Apportation              Tloc           12%        N/A       38%         1
 Summon Small Mammal      Summ           24%        N/A       38%         1
 Inner Flame              Hex/Fire       13%        N/A       45%         3
 Portal Projectile        Hex/Tloc       26%        N/A       45%         3
 Cause Fear               Hex            10%        N/A       56%         4
 Ozocubu's Armour         Ice            6%         N/A       77%         3
 Ozocubu's Refrigeration  Ice            3%         4d5       100%        7


Dungeon Overview and Level Annotations

Branches:
Dungeon (4/15)
 Temple: D:4-7

Altars:
Cheibriados
Elyvilon
Hepliaklqana
Ru
Wu Jian
Xom
Yredelemnul
The Shining One


Innate Abilities, Weirdness & Mutations

You have very sharp teeth.
Your uncanny sense of smell can sniff out nearby items.
Your experience applies equally to all skills.


Message History

There is a stone staircase leading up here.
The phantom hits you.
* * * LOW HITPOINT WARNING * * *
You climb upwards.
There is a stone staircase leading down here.
Casting: Corona (safe; 7% risk of failure)
Confirm with . or Enter, or press ? or * to list all spells.
Aiming: Corona (safe; 7% risk of failure)
Press: ? - help, Shift-Dir - straight line, f - phantom
Aim: a phantom (lightly damaged, chance to affect: 41%)
The phantom is outlined in light.
The phantom hits you.
* * * LOW HITPOINT WARNING * * *
You slash the phantom! Your bite misses the phantom.
The phantom is heavily damaged.
The phantom barely misses you.
You riposte.
You hit the phantom.
The phantom is heavily damaged.
You closely miss the phantom. Your bite misses the phantom.
The phantom is heavily damaged.
The phantom hits you.
* * * LOW HITPOINT WARNING * * *
The phantom stops glowing.
There is a stone staircase leading up here.
The phantom misses you.
You climb upwards.
There is a stone staircase leading down here.
The phantom barely misses you. The phantom hits you!
* * * LOW HITPOINT WARNING * * *
The phantom hits you but does no damage.
Found 10 gold pieces.
An endoplasm comes into view.
The endoplasm quivers.
You see here 10 gold pieces.
a - a +0 hand crossbow (weapon)
The phantom hits you.
* * * LOW HITPOINT WARNING * * *
The endoplasm jiggles.
There is a stone staircase leading down here.
The phantom hits you!
You die...

..............##.#.#
..............##.#.#
.................#.#
.............#####.#
.....######......#.#
.....# ####..###.#.##
.....# #.....###J#..#
.....###.###.#..W##.#
................@...#
.....###.###.###.########
.........###.....##.....#
##...........######.##.##
#.........##.### #.##.#
#.........##...# #.##.##
#...........##.# #.#...#
##.......##.##.# #.#.###
##..........##.# #.#.###


You could see a phantom and an endoplasm.

Vanquished Creatures
  Jessica (D:3)
  An orc wizard (D:3)
  3 adders
  A worm (D:2)
  3 dart slugs
  4 orcs (D:3)
  5 endoplasms
  3 giant cockroaches
  5 goblins
  6 hobgoblins
  4 jackals (D:1)
  3 quokkas
  10 ball pythons
  2 bats
  4 frilled lizards
  5 kobolds
  3 rats
63 creatures vanquished.

Vanquished Creatures (others)
  2 withered plants (D:2)
2 creatures vanquished.

Grand Total: 65 creatures vanquished

Notes
Turn   | Place    | Note
-------+----------+-------------------------------------------
     0 | D:1      | leastbad the Gnoll Arcane Marksman began the quest for the
                  | Orb.
     0 | D:1      | Reached XP level 1. HP: 17/17 MP: 4/4
   253 | D:1      | Reached XP level 2. HP: 13/23 MP: 5/5
   607 | D:1      | Reached XP level 3. HP: 27/28 MP: 7/7
  1252 | D:2      | Found a faded altar of an unknown god.
  1260 | D:2      | Reached skill level 1 in Invocations
  1396 | D:2      | Reached skill level 1 in Short Blades
  1396 | D:2      | Reached skill level 1 in Long Blades
  1396 | D:2      | Reached skill level 1 in Axes
  1396 | D:2      | Reached skill level 1 in Maces & Flails
  1396 | D:2      | Reached skill level 1 in Polearms
  1396 | D:2      | Reached skill level 1 in Staves
  1396 | D:2      | Reached skill level 1 in Slings
  1396 | D:2      | Reached skill level 1 in Bows
  1396 | D:2      | Reached skill level 1 in Throwing
  1396 | D:2      | Reached skill level 1 in Armour
  1396 | D:2      | Reached skill level 1 in Stealth
  1396 | D:2      | Reached skill level 1 in Shields
  1396 | D:2      | Reached skill level 1 in Unarmed Combat
  1396 | D:2      | Reached skill level 1 in Evocations
  1417 | D:2      | Reached XP level 4. HP: 19/34 MP: 8/8
  1480 | D:2      | Found an ornate altar of the Wu Jian Council.
  1735 | D:3      | Found a snail-covered altar of Cheibriados.
  1736 | D:3      | Found a sacrificial altar of Ru.
  1736 | D:3      | Found a white marble altar of Elyvilon.
  1737 | D:3      | Found a shimmering altar of Xom.
  1790 | D:3      | Found a hazy altar of Hepliaklqana.
  1790 | D:3      | Found a glowing golden altar of the Shining One.
  1798 | D:3      | Found a basalt altar of Yredelemnul.
  2064 | D:3      | Noticed Jessica
  2070 | D:3      | Killed Jessica
  2071 | D:3      | Reached skill level 1 in Conjurations
  2071 | D:3      | Reached skill level 1 in Summonings
  2071 | D:3      | Reached skill level 1 in Necromancy
  2071 | D:3      | Reached skill level 1 in Translocations
  2071 | D:3      | Reached skill level 1 in Transmutations
  2071 | D:3      | Reached skill level 1 in Fire Magic
  2071 | D:3      | Reached skill level 1 in Ice Magic
  2071 | D:3      | Reached skill level 1 in Air Magic
  2071 | D:3      | Reached skill level 1 in Earth Magic
  2071 | D:3      | Reached skill level 1 in Poison Magic
  2203 | D:3      | Reached XP level 5. HP: 40/40 MP: 9/9
  2406 | D:4      | Noticed a phantom
  2494 | D:2      | HP: 1/41 [phantom (7)]
  2541 | D:2      | HP: 1/41 [phantom (6)]
  2563 | D:2      | Slain by a phantom

Illustrated notes

Levels and vault maps discovered:
D:1:      dpeg_arrival_signposts, layout_basic, fountainhead,
          minmay_stone_trees_medium
D:2:      layout_basic, ebering_ecumenical_altar_petrified, serial_shops,
          shop_fountains, basic_altar, hex_tiny, hangedman_decor_push
D:3:      layout_loops_ring, chequers_temple_overflow_statue_of_worship,
          minitemple, uniq_jessica
D:4:      layout_rooms, serial_shops, nicolae_square_shop, serial_forest,
          infiniplex_forest_end_1, infiniplex_forest_straight_2,
          infiniplex_forest_clump_small, infiniplex_forest_straight_1

Skill      XL: |  1  2  3  4  5 |
---------------+----------------+-----
Invocations    | 1 |  1.6
Short Blades   | 1 |  1.4
Long Blades    | 1 |  1.4
Axes           | 1 |  1.4
Maces & Flails | 1 |  1.4
Polearms       | 1 |  1.4
Staves         | 1 |  1.4
Slings         | 1 |  1.4
Bows           | 1 |  1.4
Throwing       | 1 |  1.4
Armour         | 1 |  1.4
Stealth        | 1 |  1.4
Shields        | 1 |  1.4
Unarmed Combat | 1 |  1.4
Evocations     | 1 |  1.4
Spellcasting   | 3 |  3.1
Conjurations   | 1 |  1.1
Summonings     | 1 |  1.1
Necromancy     | 1 |  1.1
Translocations | 1 |  1.1
Transmutations | 1 |  1.1
Fire Magic     | 1 |  1.1
Ice Magic      | 1 |  1.1
Air Magic      | 1 |  1.1
Earth Magic    | 1 |  1.1
Poison Magic   | 1 |  1.1
Fighting       | 3 |  3.0
Crossbows      | |  4.8
Dodging        | |  4.8
Hexes          | |  5.5

Action                   |  1- 3 |  4- 6 || total
-------------------------+-------+-------++-------
Melee: Long sword        |    74 |    99 ||   173
       Bite              |     2 |    13 ||    15
       Punch             |     1 |       ||     1
 Cast: Corona            |       |     1 ||     1
Armor: Scale mail        |    22 |    44 ||    66
       Robe              |     2 |       ||     2
Dodge: Dodged            |    49 |    62 ||   111
       Rpst.: Long sword |    19 |    20 ||    39
